 Dungeon Sprint DCSS version 0.23.2-1-ga50397a (webtiles) character file.

Game seed: 1816152694281901066

277 Fang the Skirmisher (level 6, -25/66 HPs)
             Began as a Gargoyle Berserker on Apr 24, 2019.
             Was an Elder of Trog.
             Killed from afar by a white draconian (35 damage)
             ... with a chilling blast
             ... in the Dungeon (Sprint V: "Ziggurat Sprint").
             The game lasted 00:00:53 (227 turns).

Fang the Skirmisher (Gargoyle Berserker)             Turns: 227, Time: 00:00:54

Health: -25/66     AC: 32    Str: 33    XL:     6   Next: 25%
Magic:  6/6        EV: 13    Int:  8    God:    Trog [****..]
Gold:   0          SH:  0    Dex:  9    Spells: 5/5 levels left

rFire    . . .     SeeInvis .   j - +5 executioner's axe
rCold    . . .     Gourm    .   (shield currently unavailable)
rNeg     + . .     Faith    .   k - +15 Maxwell's patent armour {-Cast -Tele rElec MR+ rCorr}
rPois    ∞         Spirit   .   (no helmet)
rElec    +         Reflect  .   (no cloak)
rCorr    +         Harm     .   (no gloves)
MR       +....     NoTele   +   (no boots) Stlth ..........NoCast +
                                (no amulet)
HPRegen  0.21/turn              D - +6 ring of strength
MPRegen  0.10/turn              b - +3 ring of evasion

@: berserking (expiring), very quick
A: negative energy resistance 1, electricity resistance, unbreathing,
petrification resistance, rot immunity, AC +4
a: Berserk, Trog's Hand, Brothers in Arms, Renounce Religion


You were in the Dungeon.
You worshipped Trog.
Trog was greatly pleased with you.
You were not hungry.

You visited 1 branch

Inventory:

Hand Weapons
 j - a +5 executioner's axe (weapon)
 A - the +7 hand axe "Nugiolish" {pain, *Drain Str+4 Dex+4}
   (You found it in the Dungeon)

   In the hands of one skilled in necromantic magic, it inflicts extra damage on
   living creatures.
   It affects your strength (+4).
   It affects your dexterity (+4).
   It causes draining when unequipped.
Armour
 k - the +15 Maxwell's patent armour (worn) {-Cast -Tele rElec MR+ rCorr}
   (You found it in the Dungeon)

   It insulates you from electricity.
   It affects your resistance to hostile enchantments.
   It prevents spellcasting.
   It prevents most forms of teleportation.
   It provides partial protection from all sources of acid and corrosion.
Jewellery
 b - a +3 ring of evasion (right hand)
 z - an uncursed ring of stealth
 D - a +6 ring of strength (left hand)
 E - a +6 ring of strength
Wands
 w - a wand of disintegration (7)
 x - a wand of iceblast (7)
 y - a wand of acid (7)
Scrolls
 i - 4 scrolls of blinking
 l - 7 scrolls of fog
 m - a scroll of holy word
 n - 5 scrolls of identify
 o - 5 scrolls of remove curse
 p - 2 scrolls of fear
Potions
 d - 10 potions of curing
 e - 10 potions of heal wounds
 f - 6 potions of haste
 g - 7 potions of magic
 h - 3 potions of berserk rage
 q - 2 potions of brilliance
 r - 2 potions of invisibility
 s - 4 potions of resistance
 t - a potion of experience
 u - 5 potions of agility
 v - 5 potions of might
Comestibles
 a - a chunk of flesh
 c - 7 rations


   Skills:
 + Level 7.6 Fighting
 + Level 6.3 Axes
 + Level 7.2 Armour
 + Level 5.4 Dodging


You had 5 spell levels left.
You didn't know any spells.
Your spell library was empty.

Dungeon Overview and Level Annotations

Branches:
Dungeon (1/1)

Altars:
Ashenzari
Cheibriados
Dithmenos
Elyvilon
Fedhas
Gozag
Hepliaklqana
Kikubaaqudgha
Makhleb
Nemelex Xobeh
Okawaru
Qazlal
Ru
Sif Muna
Trog
Uskayaw
Vehumet
Wu Jian
Xom
Yredelemnul
Zin
The Shining One
Beogh
Jiyva
Lugonu

Annotations:
D 1 transporter


Innate Abilities, Weirdness & Mutations

You are resistant to torment.
Your stone body is resilient. (AC +4)
You are immune to poison.
You resist negative energy. (rN+)
You are resistant to electric shocks. (rElec)
You can survive without breathing.
You are immune to petrification.
You are immune to rotting.


Message History

* * * LOW HITPOINT WARNING * * *
You slash the white draconian!
The white draconian is moderately wounded.
You hit the draconian. You barely miss the draconian.
You barely miss the black draconian. You slash the draconian!
The draconian closely misses you.
The draconian hits you but does no damage.
The white draconian hits you but does no damage.
The draconian hits you but does no damage.
The black draconian closely misses you.
You slash the white draconian!
The white draconian is heavily wounded.
You closely miss the draconian. You slash the black draconian!
You barely miss the draconian. You slice the draconian!!
The draconian closely misses you.
The draconian hits you but does no damage.
The white draconian breathes frost at you.
The chilling blast hits you!!
Ouch! That really hurt!
You die...

▓.....▓.....▓..©..▓
▓..©..▓..©..▓▓▓▓▓▓▓
▓▓▓▓▓▓▓▓▓▓▓▓▓▓▓▓▓▓▓
▓..8©8...▓..8©8...▓
▓..))....▓..:=[...▓
▓........▓..).[...▓
▓........▓........▓
▓........▓..ddd...▓
▓.▓....▓.▓.▓d@d.▓.▓
▓...©|...▓...©....▓
▓▓▓▓▓▓▓▓▓▓▓▓▓▓▓▓▓▓▓


You could see a black draconian, a white draconian and 3 draconians.

Vanquished Creatures
  A porcupine (D)
  2 crimson imps (D)
  A quasit (D)
  An iron imp (D)
  An iguana (D)
  A white imp (D)
  An ufetubus (D)
  An adder zombie (D)
  2 bat zombies (D)
  A leopard gecko skeleton (D)
  A quokka zombie (D)
13 creatures vanquished.

Notes
Turn   | Place    | Note
-------+----------+-------------------------------------------
     0 | D        | Found the +6 Majin-Bo {vamp, Archmagi MP+6 Int+6}
     0 | D        | Found the +7 great mace "Firestarter" {inner flame, rF++}
     0 | D        | Fang the Gargoyle Berserker began the quest for the Orb.
     0 | D        | Reached XP level 1. HP: 14/14 MP: 1/1
     1 | D        | Found a blossoming altar of Fedhas.
     2 | D        | Found a viscous altar of Jiyva.
     2 | D        | Found a transporter.
     2 | D        | Found a hazy altar of Hepliaklqana.
     2 | D        | Found an ancient bone altar of Kikubaaqudgha.
     2 | D        | Found an opulent altar of Gozag.
     2 | D        | Found a corrupted altar of Lugonu.
     9 | D        | Found a burning altar of Makhleb.
    11 | D        | Found an iron altar of Okawaru.
    11 | D        | Found a stormy altar of Qazlal.
    11 | D        | Found a sparkling altar of Nemelex Xobeh.
    11 | D        | Found a sacrificial altar of Ru.
    11 | D        | Found a deep blue altar of Sif Muna.
    16 | D        | Found the +9 heavy crossbow "Sniper" {velocity, Acc+∞ SInv}
    16 | D        | Found the +10 dark maul {crush}
    16 | D        | Found the +15 Maxwell's patent armour {-Cast -Tele rElec
                  | MR+ rCorr}
    16 | D        | Found the +18 shield of the Gong {rElec rN+ MR+ EV-5}
    16 | D        | Found the cursed +14 obsidian axe {chop, +Fly SInv *Curse}
    21 | D        | Found a bloodstained altar of Trog.
    63 | D        | Entered arena 2.
    63 | D        | Noticed a porcupine
    63 | D        | Noticed an iguana
    63 | D        | Found a transporter.
    68 | D        | Killed a porcupine
    68 | D        | Reached skill level 5 in Fighting
    68 | D        | Reached skill level 5 in Armour
    68 | D        | Reached XP level 2. HP: 22/22 MP: 2/2
    68 | D        | Reached XP level 3. HP: 26/27 MP: 3/3
    68 | D        | Reached XP level 4. HP: 32/32 MP: 4/4
    71 | D        | Reached skill level 5 in Axes
    71 | D        | Reached XP level 5. HP: 34/36 MP: 5/5
   170 | D        | Entered arena 3.
   170 | D        | Found a transporter.
   173 | D        | Reached ** piety under Trog
   183 | D        | Entered arena 4.
   183 | D        | Found a transporter.
   185 | D        | Reached *** piety under Trog
   185 | D        | Reached skill level 5 in Dodging
   197 | D        | Entered arena 5.
   197 | D        | Found a transporter.
   203 | D        | Reached **** piety under Trog
   208 | D        | Reached XP level 6. HP: 44/44 MP: 6/6
   214 | D        | Got the +7 hand axe "Nugiolish" {pain, *Drain Str+4 Dex+4}
   217 | D        | Entered arena 6.
   217 | D        | Noticed a draconian
   217 | D        | Noticed a black draconian
   217 | D        | Noticed a draconian
   217 | D        | Noticed a draconian
   217 | D        | Noticed a white draconian
   217 | D        | Found a transporter.
   227 | D        | Killed from afar by a white draconian

Skill      XL: |  1  2  3  4  5  6 |
---------------+-------------------+-----
Fighting       | 5 6 7 |  7.6
Axes           | 4 5 6 |  6.3
Armour         | 5 6 7 |  7.2
Dodging        | 3 4 5 |  5.4

Action                   |  1- 3 |  4- 6 || total
-------------------------+-------+-------++-------
Melee: Executioner's axe |     3 |    28 ||    31
Invok: Berserk           |     1 |     1 ||     2
Armor: Plate armour      |     4 |    73 ||    77
Dodge: Dodged            |     7 |    77 ||    84
